 Dungeon Crawl Stone Soup version 0.22-a0-159-g7ce444f (webtiles) character file.

2796 4thArraOfDagon the Covert (level 9, -3/41 HPs)
             Began as a Felid Artificer on Feb 9, 2018.
             Killed by divine providence
             ... invoked by an orc priest
              (13 damage)
             ... on level 7 of the Dungeon.
             The game lasted 00:14:14 (3551 turns).

4thArraOfDagon the Covert (Felid Artificer)         Turns: 3551, Time: 00:14:15

Health: -3/41      AC:  2    Str:  8    XL:     9   Next: 43%
Magic:  12/12      EV: 24    Int: 15    God:
Gold:   139        SH:  0    Dex: 17    Spells: 8/8 levels left
                                        Lives:  0   Deaths: 2

rFire    + . .     SeeInvis +     - Unarmed
rCold    . . .     Gourm    .   (shield unavailable)
rNeg     . . .     Faith    .   (armour unavailable)
rPois    .         Spirit   .   (helmet unavailable)
rElec    .         Reflect  .   (cloak unavailable)
rCorr    .         Harm     .   (gloves unavailable)
MR       +....                  (boots unavailable)
Stlth    +++++.....             (no amulet)
HPRegen  0.13/turn              n - ring of protection from fire
MPRegen  0.13/turn              (no ring)

@: quick
A: very small, no armour, no weapons or thrown items, stealth, claws 1, fangs 3,
see invisible, carnivore, speed 1, shaggy fur 2, slow metabolism 1, sharp paws
a: no special abilities


You were on level 7 of the Dungeon.
You were very full.

You visited 1 branch of the dungeon, and saw 9 of its levels.

You collected 139 gold pieces.

Inventory:

Jewellery
 n - a ring of protection from fire (left paw)
Wands
 b - a wand of enslavement (10)
 c - a wand of random effects (6)
 p - a wand of polymorph (18)
Scrolls
 f - a scroll of fear {unknown}
 j - 3 scrolls of remove curse
 o - a scroll of magic mapping {unknown}
 r - 2 scrolls of immolation {unknown}
Potions
 a - a potion of curing
 e - a potion of haste
 h - a potion of berserk rage
 i - 4 potions of might
 k - a potion of brilliance
 l - a potion of ambrosia {unknown}
 m - a potion of flight {unknown}
Books
 q - a book of Geomancy

   Spells                             Type                      Level
   a - Sandblast                      Earth                        1
   b - Passwall                       Transmutation/Earth          2
   c - Stone Arrow                    Conjuration/Earth            3
   d - Petrify                        Transmutation/Earth          4
   e - Lee's Rapid Deconstruction     Earth                        5
Comestibles
 d - 9 rations


   Skills:
 + Level 6.3 Fighting
 + Level 8.7 Dodging
 + Level 9.1 Stealth
 * Level 9.0 Unarmed Combat
 - Level 3.2 Evocations


You had 8 spell levels left.
You didn't know any spells.

Dungeon Overview and Level Annotations

Branches:
Dungeon (9/15)
 Temple: D:4-7         Lair: D:8-11         Orc: D:9-12

Altars:
Elyvilon
Gozag
Nemelex Xobeh
Okawaru
Wu Jian
The Shining One

Annotations:
D:6 1 exclusion
D:8 1 runed door


Innate Abilities, Weirdness & Mutations

You cannot wear armour.
You are incapable of wielding weapons or throwing items.
Your paws allow you to move quietly. (Stealth)
You have sharp claws.
You have razor-sharp teeth.
You have supernaturally acute eyesight. (SInv)
You are carnivorous and can eat meat at any time.
You cover ground quickly.
You are covered in thick fur. (AC +2)
You have a slow metabolism.
Your sharp claws are effective at attacking unaware monsters.


Message History

You scratch the orc priest but do no damage.
Your bite misses the orc priest.
The orc priest is moderately wounded.
The orc priest completely misses you.
You scratch the orc priest but do no damage.
You bite the orc priest, but do no damage.
The orc priest is moderately wounded.
You scratch the orc priest.
The orc priest is heavily wounded.
The orc priest completely misses you.
You closely miss the orc priest.
The orc priest is heavily wounded.
The orc priest invokes the aid of Beogh against you.
Pain shoots through your body!
* * * LOW HITPOINT WARNING * * *
You scratch the orc priest but do no damage.
The orc priest is heavily wounded.
The orc priest calls down the wrath of Beogh upon you.
Beogh smites you!
You die...

#.(..#o#
......#
####o#.#
......# #)#
#......# #)#
....# #)# ####
# # #)# .. #.
#.#
###.#.######o#
#########
#.....)).#.@.#
#........
##.)...)(.#
#.#######
#.......<#.#
#.# #..
#.########.#
#.# #.# # ..#
#.# #.# ###
####.#####..
#....<......
#.#####...#.
##########.#
#...##


You could see an orc priest.

Vanquished Creatures
  2 two-headed ogres (D:9)
  Psyche (D:9)
  A wyvern (D:6)
  A water moccasin (D:6)
  A sky beast (D:6)
  2 black bears
  An ice beast (D:8)
  2 ogres
  6 bullfrogs
  2 scorpions
  A wight (D:6)
  2 crimson imps (D:6)
  4 hounds
  6 orc wizards
  Jessica (D:2)
  A worker ant (D:5)
  A worker ant zombie (D:5)
  A howler monkey zombie (D:8)
  2 adders
  2 shadow imps
  An ooze (D:3)
  An adder zombie (D:6)
  A dart slug (D:2)
  5 leopard geckos
  26 orcs
  A giant cockroach (D:8)
  3 jackals
  A quokka (D:5)
  A ball python skeleton (D:5)
  3 bats
  A frilled lizard (D:5)
  A kobold (D:3)
  2 leopard gecko zombies
  A quokka skeleton (D:4)
88 creatures vanquished.

Vanquished Creatures (collateral kills)
  A howler monkey (D:7)
  An orc (D:4)
2 creatures vanquished.

Vanquished Creatures (others)
  An ogre (D:5)
  A centaur (D:7)
2 creatures vanquished.

Grand Total: 92 creatures vanquished

Notes
Turn   | Place    | Note
-------+----------+-------------------------------------------
     0 | D:1      | 4thArraOfDagon the Felid Artificer began the quest for the Orb.
     0 | D:1      | Reached XP level 1. HP: 9/9 MP: 4/4
     6 | D:1      | Noticed a yaktaur
     6 | D:1      | Noticed a hell rat
     6 | D:1      | Noticed a queen ant
     6 | D:1      | Noticed an iguana
    98 | D:2      | Noticed Jessica
   115 | D:2      | Killed Jessica
   115 | D:2      | Reached XP level 2. HP: 5/12 MP: 5/5
   115 | D:2      | Reached XP level 3. HP: 6/15 MP: 6/6
   130 | D:2      | Found an opulent altar of Gozag.
   224 | D:3      | Found a sparkling altar of Nemelex Xobeh.
   364 | D:4      | Found a white marble altar of Elyvilon.
   464 | D:4      | Noticed a black bear
   566 | D:4      | Killed a black bear
   566 | D:4      | Reached XP level 4. HP: 19/19 MP: 7/7
   583 | D:5      | Entered Level 5 of the Dungeon
   592 | D:4      | Reached XP level 5. HP: 21/22 MP: 8/8
   700 | D:5      | Noticed an ogre
   724 | D:5      | Noticed an ogre
   733 | D:5      | Killed an ogre
   757 | D:5      | Gained mutation: You are covered in thick fur. (AC +2) [Felid growth]
   757 | D:5      | Reached XP level 6. HP: 21/27 MP: 9/9
  1008 | D:6      | Noticed a wyvern
  1018 | D:6      | HP: 1/27 [shot self (26)]
  1019 | D:6      | Killed a wyvern
  1110 | D:5      | Found an ornate altar of the Wu Jian Council.
  1537 | D:6      | Reached skill level 5 in Dodging
  1614 | D:6      | Reached XP level 7. HP: 22/31 MP: 10/10
  1648 | D:6      | Reached skill level 5 in Stealth
  1648 | D:6      | Reached skill level 5 in Unarmed Combat
  1773 | D:7      | Found a glowing golden altar of the Shining One.
  1952 | D:7      | Found an iron altar of Okawaru.
  2068 | D:7      | Noticed a hippogriff
  2357 | D:7      | Hit by a javelin thrown by an orc
  2358 | D:7      | Reached XP level 6. HP: -4/28 MP: 9/9
  2411 | D:9      | Reached XP level 7. HP: 32/32 MP: 10/10
  2498 | D:9      | Noticed Psyche
  2511 | D:9      | HP: 1/32 [Psyche/puff of flame (6)]
  2513 | D:9      | Killed from afar by Psyche
  2514 | D:9      | Reached XP level 6. HP: -5/28 MP: 9/9
  2542 | D:9      | Killed Psyche
  2542 | D:9      | Reached XP level 7. HP: 4/33 MP: 10/10
  2635 | D:8      | Noticed a hungry ghost
  2662 | D:9      | Noticed a two-headed ogre
  2671 | D:9      | Killed a two-headed ogre
  2671 | D:9      | Reached skill level 5 in Fighting
  2671 | D:9      | Reached XP level 8. HP: 11/37 MP: 11/11
  2694 | D:9      | Noticed a two-headed ogre
  2725 | D:9      | Killed a two-headed ogre
  2725 | D:9      | Reached XP level 9. HP: 19/41 MP: 12/12
  2870 | D:8      | Found a runed door.
  2870 | D:8      | Noticed an unseen horror
  2870 | D:8      | Noticed a fire dragon
  2870 | D:8      | Noticed a wolf spider
  2872 | D:8      | Noticed a queen bee
  2872 | D:8      | Noticed an ice dragon
  2872 | D:8      | Noticed a cyclops
  2872 | D:8      | Noticed a wolf spider
  3551 | D:7      | Killed from afar by an orc priest

Vault maps used:
D:1:      onia_arrival_zoo_common, minmay_heptomino_l4
D:2:      serial_corexii_hall, corexii_hall_statues_i, corexii_hall_statues_x,
          nicolae_gozag_seed_capital, uniq_jessica
D:3:      wad_woods_stonehenge, nicolae_ru_great_annihilating_truth,
          nemelex_altar_shiori
D:4:      black_bear_nest_2, elyvilon_altar_4, temple_hall, serial_shops,
          nicolae_shop_statue_plus, hangedman_abyss_or_decor_stabs, uniq_ijyb
D:5:      overflow_temple_1_default, portal_sewer_entry_d, first_ration
D:6:      st_stairs_8
D:7:      lemuel_crystal_altar, tso_altar
D:8:      minmay_gate_of_8, grunt_ogre_cave
D:9:      kennysheep_mini_moat, minmay_orc_entry_temple_small, serial_shops,
          shop, uniq_psyche

Skill      XL: |  1  2  3  4  5  6  7  8  9 |
---------------+----------------------------+-----
Dodging        | 3 4 6 7 8 |  8.7
Stealth        | 2 3 4 6 7 8 9 |  9.1
Unarmed Combat | 2 3 6 7 8 9 |  9.0
Fighting       | 2 3 5 6 |  6.3
Evocations     | |  3.2

Action                   |  1- 3 |  4- 6 |  7- 9 || total
-------------------------+-------+-------+-------++-------
Melee: Unarmed           |    26 |    84 |   228 ||   338
       Bite              |     4 |    11 |    28 ||    43
       Punch             |       |     1 |     4 ||     5
Evoke: Wand              |    13 |    10 |     7 ||    30
  Use: Scroll            |     3 |     2 |     4 ||     9
       Potion            |       |     2 |     6 ||     8
 Stab: Sleeping          |     2 |     6 |    10 ||    18
       Invisible         |       |     1 |     3 ||     4
       Confused          |       |       |     7 ||     7
  Eat: Chunk             |     2 |     5 |    11 ||    18
Armor: Skin              |     1 |     2 |     5 ||     8
Dodge: Dodged            |    43 |    73 |   190 ||   306

Table legend:
 A = Spawn XP
 B = Non-spawn XP
 C = Spawn XP percentage of total XP
 D = Spawn monster count
 E = Non-spawn monster count
 F = Spawn count percentage of total count
 G = Total turns spent on level
                    A         B        C        D         E        F      G
               +---------+---------+-------+---------+---------+-------+---------
         Total |       0 |    5058 |   0.0 |       0 |      91 |   0.0 |  3551
               +---------+---------+-------+---------+---------+-------+---------
           D:1 |       0 |       5 |   0.0 |       0 |       3 |   0.0 |    98
           D:2 |       0 |      42 |   0.0 |       0 |       3 |   0.0 |   111
           D:3 |       0 |       8 |   0.0 |       0 |       2 |   0.0 |   145
           D:4 |       0 |     186 |   0.0 |       0 |       5 |   0.0 |   412
           D:5 |       0 |     203 |   0.0 |       0 |       9 |   0.0 |   714
           D:6 |       0 |     972 |   0.0 |       0 |      20 |   0.0 |   779
           D:7 |       0 |     454 |   0.0 |       0 |      20 |   0.0 |   656
           D:8 |       0 |     568 |   0.0 |       0 |      19 |   0.0 |   354
           D:9 |       0 |    2620 |   0.0 |       0 |      10 |   0.0 |   282
               +---------+---------+-------+---------+---------+-------+---------
